 Dungeon Crawl Stone Soup version 0.31.0-11-ge490571c62 (webtiles) character file.

Game seed: 9996694967307000143

3618 qw the Skirmisher (level 9, -3/54 HPs)
             Began as a Deep Elf Hunter on Feb 4, 2024.
             Was a Priest of Okawaru.
             Slain by Grum
             ... wielding a -1 glaive
              (17 damage)
             ... on level 8 of the Dungeon.
             The game lasted 00:00:37 (6748 turns).

qw the Skirmisher (Deep Elf Hunter)                 Turns: 6748, Time: 00:00:38

Health: -3/54      AC: 12    Str: 12    XL:     9   Next: 86%
Magic:  14/14      EV: 19    Int: 15    God:    Okawaru [***...]
Gold:   67         SH:  0    Dex: 18    Spells: 8/8 levels left

rFire   . . .        a - +1 shortbow
rCold   + . .        (shield currently unavailable)
rNeg    . . .        i - +4 ring mail {rC+}
rPois   .            g - +2 helmet
rElec   .            (no cloak)
rCorr   .            (no gloves)
SInv    .            (no boots)
Will    +....        l - amulet of the acrobat
Stlth   +            e - ring of willpower
HPRegen 0.29/turn    d - +5 ring of evasion
MPRegen 0.14/turn

%: acrobat
@: no status effects
A: no striking features
a: Renounce Religion, Heroism


You were on level 8 of the Dungeon.
You worshipped Okawaru.
Okawaru was most pleased with you.
You visited 1 branch of the dungeon, and saw 8 of its levels.

You collected 391 gold pieces.
You spent 324 gold pieces at shops.


   Skills:
 - Level 5.1 Fighting
 - Level 14.0 Ranged Weapons
 - Level 2.0 Armour
 + Level 7.9 Dodging
 - Level 1.2 Stealth
 - Level 4.1 Invocations


You had 8 spell levels left.
You didn't know any spells.
Your spell library was empty.

Inventory:

Hand Weapons
 a - a +1 shortbow (weapon)
Armour
 b - a +2 leather armour of fire resistance
 g - a +2 helmet (worn)
 i - a +4 ring mail of cold resistance (worn)
Jewellery
 d - a +5 ring of evasion (right hand)
 e - a ring of willpower (left hand)
 f - a ring of positive energy
 k - an amulet of guardian spirit
 l - an amulet of the acrobat (around neck)
 n - a ring of fire
Wands
 j - a wand of quicksilver (8)
 p - a wand of iceblast (8)
Scrolls
 h - a scroll of identify
 o - a scroll of fog {unknown}
Potions
 m - a potion of might
 q - a potion of magic
 s - a potion of mutation

Dungeon Overview and Level Annotations

Branches:
Dungeon (8/15)             Temple (0/1) D:5
   Lair: D:8-11

Altars:
Ashenzari
Dithmenos
Fedhas
Makhleb
Okawaru
Sif Muna
Trog
Vehumet
Xom

Shops:
D:6 =*![

Annotations:
D:1 2 transporters
D:3 1 runed translucent door, Crazy Yiuf
D:8 Grum


Message History

You shoot an arrow. The arrow hits the wolf.
You kill the wolf!
Okawaru accepts your kill. The wolf completely misses you. The hound bites you.
Grum closely misses you. The wolf closely misses you.
You shoot an arrow. The arrow hits the wolf.
The wolf is moderately wounded.
The hound misses you. The wolf misses you. Grum misses you.
You shoot an arrow. The arrow completely misses the wolf.
The arrow hits Grum!
Grum is moderately wounded.
The wolf barely misses you. The hound completely misses you.
You shoot an arrow. The arrow hits the wolf.
The wolf is heavily wounded.
The wolf barely misses you. The hound bites you but does no damage.
Grum hits you from afar with a -1 glaive.
The wolf closely misses you.
You shoot an arrow. The arrow barely misses the wolf.
The arrow hits Grum!
Grum is heavily wounded.
The hound bites you but does no damage. The wolf misses you.
Grum hits you from afar with a -1 glaive!
The hound barely misses you.
You shoot an arrow. The arrow misses the wolf.
The arrow barely misses Grum.
The wolf bites you. The hound misses you. Grum misses you.
The wolf barely misses you.
You shoot an arrow. The arrow closely misses the wolf.
The arrow hits Grum!
Grum is severely wounded.
The hound misses you. The wolf bites you but does no damage.
Grum completely misses you.
You shoot an arrow. The arrow hits the wolf.
The wolf is heavily wounded.
The hound closely misses you. The wolf bites you but does no damage.
Grum completely misses you. The hound misses you.
You shoot an arrow. The arrow barely misses the wolf.
The arrow hits Grum!
Grum is almost dead.
The wolf bites you but does no damage. The wolf barely misses you.
The hound barely misses you.
You shoot an arrow. The arrow hits the wolf.
The wolf is severely wounded.
Grum hits you from afar with a -1 glaive!
You die...

.~~ ### ~.~ ...
).~~ ... ..~.~
....# #...~~
....# ###...~..
.>..# ##....~...
...# ###.........
..# ##@hg........
.##
###.%h.##.###..
## ### ##.....##
.# ##
##.######....###
#
.###....##....###
.##.........###
...........##
#..........##
#...........#


You could see Grum, a wolf and a hound.

Vanquished Creatures
  Pikel (D:4)
  6 yaks (D:6)
  Edmund (D:5)
  An ice beast (D:5)
  An orc warrior (D:6)
  3 ogres
  2 wolves (D:8)
  3 lemures (D:4)
  A kobold brigand (D:7)
  6 bullfrogs
  3 scorpions (D:6)
  3 wights (D:7)
  A bombardier beetle (D:6)
  An electric eel (D:8)
  4 hounds
  2 jellies
  A gnoll bouda (D:7)
  7 iguanas
  A sleepcap (D:5)
  Ijyb (D:3)
  3 orc wizards (D:6)
  Robin (D:3)
  3 gnolls (D:7)
  9 adders
  A shadow imp (D:5)
  A white imp (D:7)
  5 dart slugs
  3 ribbon worms
  9 orcs
  7 ball pythons
  A bat (D:2)
  7 endoplasms
  3 giant cockroaches
  18 goblins
  5 hobgoblins
  2 jackals (D:1)
  4 quokkas
  2 frilled lizards (D:1)
  14 kobolds
  3 rats
150 creatures vanquished.

Notes
Turn   | Place    | Note
-------+----------+-------------------------------------------
     0 | D:1      | qw the Deep Elf Hunter began the quest for the Orb.
     0 | D:1      | Reached XP level 1. HP: 12/12 MP: 3/3
     0 | D:1      | 0 ||| qw: Version: 0.3-a-160-g6735b56
     0 | D:1      | 0 ||| qw: Game counter: 5297
     0 | D:1      | 0 ||| qw: Melee chars always use a shield: true
     0 | D:1      | 0 ||| qw: God list: Okawaru
     0 | D:1      | 0 ||| qw: Allow faded altars: false
     0 | D:1      | 0 ||| qw: Do Orc after clearing Dungeon:15 true
     0 | D:1      | 0 ||| qw: Do second Lair branch before Depths: true
     0 | D:1      | 0 ||| qw: Lair rune preference: random
     0 | D:1      | 0 ||| qw: Goals: Normal
     0 | D:1      | 0 ||| PLANNING D:1-11
   251 | D:1      | Reached skill level 6 in Ranged Weapons
   251 | D:1      | Reached XP level 2. HP: 16/16 MP: 4/4
   936 | D:1      | 936 ||| UPGRADING to +0 helmet.
   941 | D:1      | 941 ||| UPGRADING to ring of willpower.
   942 | D:1      | 942 ||| READING scroll labelled ZUDDIORUEM.
   942 | D:1      | 942 ||| IDENTIFYING black potion
   943 | D:1      | 943 ||| READING 2 scrolls labelled GUMUSI HYOMOQ.
  1044 | D:1      | 1044 ||| READING scroll labelled QORRIB NOARR.
  1045 | D:1      | 1045 ||| DROPPING scroll of butterflies.
  1046 | D:1      | 1046 ||| DROPPING scroll of vulnerability.
  1047 | D:1      | 1047 ||| DROPPING potion of brilliance.
  1080 | D:2      | Noticed a glass eye
  1113 | D:2      | Found a faded altar of an unknown god.
  1114 | D:2      | Noticed an eye of devastation
  1121 | D:2      | Noticed a shining eye
  1134 | D:2      | Reached XP level 3. HP: 16/20 MP: 5/5
  1165 | D:2      | 1165 ||| UPGRADING to +5 ring of evasion.
  1166 | D:2      | 1166 ||| READING scroll labelled HALLAI HUDAAFO.
  1166 | D:2      | 1166 ||| ENCHANTING +0 shortbow.
  1280 | D:2      | Reached skill level 7 in Ranged Weapons
  1448 | D:2      | Noticed a great orb of eyes
  1789 | D:2      | 1789 ||| UPGRADING to +2 leather armour of fire resistance.
  1799 | D:2      | 1799 ||| DROPPING +0 leather armour.
  1800 | D:2      | 1800 ||| READING scroll labelled FOEPHOK IDA.
  1890 | D:2      | Reached XP level 4. HP: 25/25 MP: 6/6
  1979 | D:2      | 1979 ||| READING scroll of identify.
  1979 | D:2      | 1979 ||| IDENTIFYING coppery potion
  2049 | D:3      | Noticed Ijyb
  2074 | D:3      | Killed Ijyb
  2075 | D:3      | Reached skill level 8 in Ranged Weapons
  2165 | D:3      | Found a runed translucent door.
  2166 | D:3      | Noticed Crazy Yiuf
  2198 | D:3      | Found a shimmering altar of Xom.
  2302 | D:3      | Found a blossoming altar of Fedhas.
  2337 | D:3      | Noticed Robin
  2339 | D:3      | Killed Robin
  2365 | D:3      | Reached XP level 5. HP: 29/29 MP: 7/7
  2635 | D:3      | 2635 ||| DROPPING +0 scale mail.
  2636 | D:3      | 2636 ||| UPGRADING to +4 ring mail of cold resistance.
  2646 | D:3      | 2646 ||| UPGRADING to amulet of guardian spirit.
  2651 | D:3      | 2651 ||| READING scroll of identify.
  2651 | D:3      | 2651 ||| IDENTIFYING scroll labelled YSUENTU BUECSE
  2652 | D:3      | 2652 ||| READING scroll labelled BIATOHI OSTRO.
  2653 | D:3      | 2653 ||| DROPPING scroll of fear.
  2801 | D:4      | Found a broken altar of Ashenzari.
  2920 | D:4      | Reached skill level 9 in Ranged Weapons
  3001 | D:4      | Noticed an ogre
  3002 | D:4      | 3002 ||| ZAPPING wand of quicksilver (12) at -6,-5 (ogre;
                  | floor).
  3003 | D:4      | 3003 ||| ZAPPING wand of quicksilver (11) at -5,-5 (ogre;
                  | floor).
  3003 | D:4      | Killed an ogre
  3004 | D:4      | Reached XP level 6. HP: 35/35 MP: 8/8
  3008 | D:4      | Found a burning altar of Makhleb.
  3075 | D:4      | Noticed Pikel
  3076 | D:4      | 3076 ||| ZAPPING wand of quicksilver (10) at -7,-4 (Pikel;
                  | floor).
  3077 | D:4      | 3077 ||| RETREEEEATING.
  3078 | D:4      | 3078 ||| RETREEEEATING.
  3079 | D:4      | 3079 ||| RETREEEEATING.
  3080 | D:4      | 3080 ||| ZAPPING wand of quicksilver (9) at -6,1 (Pikel;
                  | floor).
  3082 | D:4      | 3082 ||| RETREEEEATING.
  3083 | D:4      | 3083 ||| RETREEEEATING.
  3084 | D:4      | 3084 ||| RETREEEEATING.
  3085 | D:4      | 3085 ||| RETREEEEATING.
  3086 | D:4      | 3086 ||| RETREEEEATING.
  3087 | D:4      | 3087 ||| RETREEEEATING.
  3088 | D:4      | 3088 ||| RETREEEEATING.
  3091 | D:4      | 3091 ||| ZAPPING wand of quicksilver (8) at 0,-1 (Pikel;
                  | floor).
  3092 | D:4      | 3092 ||| ZAPPING wand of quicksilver (7) at 0,-1 (Pikel;
                  | floor).
  3093 | D:4      | 3093 ||| RETREEEEATING.
  3094 | D:4      | 3094 ||| RETREEEEATING.
  3095 | D:4      | 3095 ||| RETREEEEATING.
  3096 | D:4      | 3096 ||| RETREEEEATING.
  3097 | D:4      | 3097 ||| ZAPPING wand of quicksilver (6) at 0,-1 (Pikel;
                  | floor).
  3098 | D:4      | 3098 ||| ZAPPING wand of quicksilver (5) at 0,-1 (Pikel;
                  | floor).
  3099 | D:4      | 3099 ||| ZAPPING wand of quicksilver (4) at 0,-1 (Pikel;
                  | floor).
  3100 | D:4      | 3100 ||| ZAPPING wand of quicksilver (3) at 0,-1 (Pikel;
                  | floor).
  3100 | D:4      | Killed Pikel
  3101 | D:4      | Reached skill level 11 in Ranged Weapons
  3101 | D:4      | Reached XP level 7. HP: 34/40 MP: 7/9
  3274 | D:4      | Found an iron altar of Okawaru.
  3274 | D:4      | Found a shimmering blue altar of Sif Muna.
  3275 | D:4      | 3275 ||| PLANNING OKAWARU WORSHIP
  3280 | D:4      | 3280 ||| READING 2 scrolls labelled CATZETE AQUMMA.
  3342 | D:4      | 3342 ||| READING scroll labelled VEWNANI DOURHOXON.
  3343 | D:4      | 3343 ||| DROPPING scroll of torment.
  3351 | D:4      | Found a faded altar of an unknown god.
  3354 | D:4      | Became a worshipper of Warmaster Okawaru
  3355 | D:4      | 3355 ||| PLANNING D:1-11
  3355 | D:4      | 3355 ||| REMOVING amulet of guardian spirit.
  3363 | D:4      | Found a shadowy altar of Dithmenos.
  3365 | D:4      | Found a bloodstained altar of Trog.
  3570 | D:4      | 3570 ||| UPGRADING to amulet of the acrobat.
  3615 | D:5      | Entered Level 5 of the Dungeon
  3624 | D:5      | Reached skill level 3 in Dodging
  3638 | D:5      | Found a radiant altar of Vehumet.
  3710 | D:5      | Reached skill level 1 in Armour
  3713 | D:5      | Reached skill level 12 in Ranged Weapons
  3767 | D:5      | Reached skill level 3 in Fighting
  3767 | D:5      | Reached XP level 8. HP: 46/46 MP: 10/10
  4123 | D:5      | Noticed Edmund
  4144 | D:5      | HP: 6/46 [Edmund/+2 dire flail of holy wrath (9)]
  4145 | D:5      | 4145 ||| READING scroll of teleportation.
  4146 | D:5      | 4146 ||| DRINKING 3 potions of heal wounds.
  4148 | D:5      | Killed Edmund
  4148 | D:5      | Reached * piety under Okawaru
  4309 | D:5      | Found a staircase to the Ecumenical Temple.
  4473 | D:5      | 4473 ||| DROPPING ring of wizardry.
  4474 | D:5      | 4474 ||| READING 2 scrolls of identify.
  4474 | D:5      | 4474 ||| IDENTIFYING fuming cyan potion
  4475 | D:5      | 4475 ||| READING scroll of identify.
  4475 | D:5      | 4475 ||| IDENTIFYING purple potion
  4476 | D:5      | 4476 ||| READING scroll labelled KUACEDW GOFI.
  4476 | D:5      | 4476 ||| ENCHANTING +0 helmet.
  4477 | D:5      | 4477 ||| DROPPING potion of attraction.
  4540 | D:6      | Reached skill level 1 in Invocations
  4649 | D:6      | Found Tumoutimoa's Jewellery Emporium.
  4655 | D:6      | 4655 ||| SHOPLISTING +6 ring of dexterity (432 gold, have
                  | 325).
  4655 | D:6      | 4655 ||| SHOPLISTING amulet of faith (480 gold, have 325).
  4655 | D:6      | 4655 ||| BUYING ring of fire (300 gold).
  4655 | D:6      | Bought a ring of fire for 300 gold pieces
  4655 | D:6      | 4655 ||| SHOPLISTING ring of ice (300 gold, have 25).
  4655 | D:6      | 4655 ||| SHOPLISTING ring of protection from cold (300
                  | gold, have 25).
  4655 | D:6      | 4655 ||| SHOPLISTING ring of see invisible (180 gold, have
                  | 25).
  4684 | D:6      | Found Kixom's General Store.
  4689 | D:6      | 4689 ||| BUYING scroll of identify (24 gold).
  4689 | D:6      | Bought a scroll of identify for 24 gold pieces
  4848 | D:6      | Reached skill level 3 in Invocations
  4884 | D:6      | Found Wuwnolek's Antique Armour Emporium.
  4889 | D:6      | 4889 ||| SHOPLISTING shiny ring mail (203 gold, have 16).
  5000 | D:6      | 5000 ||| INVOKING Heroism.
  5006 | D:6      | Reached skill level 13 in Ranged Weapons
  5022 | D:6      | Reached ** piety under Okawaru
  5023 | D:6      | Reached XP level 9. HP: 37/51 MP: 12/14
  5035 | D:6      | Reached skill level 14 in Ranged Weapons
  5045 | D:6      | 5045 ||| RETREEEEATING.
  5046 | D:6      | 5046 ||| RETREEEEATING.
  5052 | D:6      | 5052 ||| RETREEEEATING.
  5250 | D:6      | Found Duot's Distillery.
  5253 | D:6      | 5253 ||| SHOPLISTING potion of curing (39 gold, have 28).
  5253 | D:6      | 5253 ||| SHOPLISTING potion of haste (130 gold, have 28).
  5253 | D:6      | 5253 ||| SHOPLISTING potion of heal wounds (65 gold, have
                  | 28).
  5253 | D:6      | 5253 ||| SHOPLISTING potion of might (52 gold, have 28).
  5369 | D:6      | 5369 ||| READING scroll of identify.
  5369 | D:6      | 5369 ||| IDENTIFYING brown potion
  5370 | D:6      | 5370 ||| READING 2 scrolls labelled BAEWUEFOSM.
  5371 | D:6      | 5371 ||| DRINKING 2 inky potions.
  5372 | D:6      | 5372 ||| DROPPING wand of flame (33).
  5373 | D:6      | 5373 ||| DROPPING scroll of poison.
  5375 | D:6      | 5375 ||| Stepping ~*~*~tactically~*~*~ (cloud).
  5518 | D:7      | Reached skill level 6 in Dodging
  5534 | D:7      | HP: 6/46 [wight/+4 trident (10)]
  5534 | D:7      | HP: 2/44 [wight/+4 trident (4)]
  5535 | D:7      | 5535 ||| DRINKING 2 potions of heal wounds.
  5538 | D:7      | 5538 ||| DRINKING potion of heal wounds.
  5541 | D:7      | HP: 7/43 [wight/+4 trident (4)]
  5868 | D:7      | 5868 ||| READING scroll of enchant armour.
  5868 | D:7      | 5868 ||| ENCHANTING +1 helmet.
  5994 | D:7      | Reached *** piety under Okawaru
  6712 | D:8      | HP: 11/54 [wolf (9)]
  6713 | D:8      | 6713 ||| DRINKING 2 potions of heal wounds.
  6720 | D:8      | Noticed Grum
  6722 | D:8      | 6722 ||| RETREEEEATING.
  6723 | D:8      | 6723 ||| RETREEEEATING.
  6724 | D:8      | 6724 ||| RETREEEEATING.
  6737 | D:8      | HP: 12/54 [Grum/-1 glaive (3)]
  6738 | D:8      | 6738 ||| DRINKING potion of heal wounds.
  6744 | D:8      | HP: 13/54 [wolf (5)]
  6748 | D:8      | Slain by Grum

Levels and vault maps discovered:
D:1:      spicycebolla_arrival_transporter_tutorial, layout_basic,
          kennysheep_minor_cross
D:2:      layout_loops_cross, serial_co_window_serial, co_window_corner_a,
          co_window_paths_b, co_window_of_opportunity_a, co_window_paths_a,
          co_window_paths_b, co_window_corner_a, co_window_paths_a,
          co_window_broadway_c, co_window_cross_2, co_window_unsneaky_path_e,
          glass_columns_c, glass_columns_a,
          hellmonk_ecumenical_altar_watching_god, minmay_between
D:3:      layout_basic, lemuel_tele_altar, mainiacjoe_overflow_alcove_4,
          uniq_robin, uniq_crazy_yiuf_cottage, uniq_ijyb
D:4:      layout_basic, mainiacjoe_overflow_cross_hatched,
          chequers_temple_overflow_minitemple, nicolae_ashenzari_skybound,
          kennysheep_nub, uniq_pikel
D:5:      wad_pebble_path, layout_loops_cross, lemuel_crystal_altar,
          temple_hall, serial_library_hellmonk_long_bookcase, uniq_edmund
D:6:      layout_loops_ring, serial_shops, nicolae_shop_hallway_plus,
          nicolae_shop_behind_doors, nicolae_shop_rolling_square, shop,
          nicolae_twisty_statue_hallways
D:7:      layout_basic
D:8:      layout_cave_pods, erik_lair_island, enter_bailey_8, uniq_grum

Skill      XL: |  1  2  3  4  5  6  7  8  9 |
---------------+----------------------------+-----
Ranged Weapons | 6 7 8 9 11 12 13 14 | 14.0
Fighting       | 2 3 5 |  5.1
Dodging        | 3 5 7 |  7.9
Armour         | 1 2 |  2.0
Invocations    | 4 |  4.1
Stealth        | |  1.2

Action                     |  1- 3 |  4- 6 |  7- 9 || total
---------------------------+-------+-------+-------++-------
   Fire: Shortbow          |    99 |   114 |   455 ||   668
 Invoke: Heroism           |       |       |     1 ||     1
  Evoke: Wand              |       |    10 |       ||    10
    Use: Scroll            |     5 |     3 |     9 ||    17
         Potion            |       |       |     6 ||     6
 Armour: Leather armour    |     5 |    12 |       ||    17
         Ring mail         |       |    13 |   122 ||   135
  Dodge: Dodged            |    24 |    50 |   254 ||   328

Table legend:
 A = Non-vault XP
 B = Vault XP
 C = Vault XP percentage of total XP
 D = Non-vault monster count
 E = Vault monster count
 F = Vault count percentage of total count
                 A         B        C        D         E       F
            +---------+---------+-------+---------+---------+-------
      Total |    4049 |    1120 |  21.7 |     124 |      23 |  15.6
            +---------+---------+-------+---------+---------+-------
        D:1 |      28 |       0 |   0.0 |      15 |       0 |   0.0
        D:2 |      51 |      34 |  40.0 |      17 |       5 |  22.7
        D:3 |      33 |      70 |  68.0 |      13 |      14 |  51.9
        D:4 |     265 |     617 |  70.0 |      13 |       1 |   7.1
        D:5 |     572 |     169 |  22.8 |      16 |       1 |   5.9
        D:6 |    1943 |       0 |   0.0 |      25 |       0 |   0.0
        D:7 |     918 |       0 |   0.0 |      21 |       0 |   0.0
        D:8 |     239 |     230 |  49.0 |       4 |       2 |  33.3
            +---------+---------+-------+---------+---------+-------
